 Dungeon Crawl Stone Soup version 0.31-a0-263-ge8cad7f256 (webtiles) character file.

Game seed: 18358769926144611716

318 juan097 the Insei (level 6, 0/63 HPs)
             Began as an Octopode Shapeshifter on July 13, 2023.
             Succumbed to a scorpion's poison
             ... on level 5 of the Dungeon.
             The game lasted 00:06:31 (3302 turns).

juan097 the Insei (Octopode Shapeshifter)           Turns: 3302, Time: 00:06:32

Health: 0/63       AC: 23    Str: 14    XL:     6   Next: 45%
Magic:  6/6        EV:  2    Int: 11    God:
Gold:   190        SH:  0    Dex: 14    Spells: 1/5 levels left

rFire   . .          .
                       - Unarmed
rCold   . . .        (no shield)
rNeg    . . .        (helmet currently unavailable)
rPois   +            (no amulet)
rElec   .            (no ring)
rCorr   .            (no ring)
SInv    .            (no ring)
Will    .....        (no ring)
Stlth   +            (no ring)
HPRegen 0.30/turn    (no ring)
MPRegen 0.10/turn    (no ring)
                     (no ring)

%: no passive effects
@: lethally poisoned (0 -> -12), tree-form, attractive
A: stationary, stasis, torment immunity, boosted hp, almost no armour,
(amphibious), 8 rings, (camouflage 1), (gelatinous body 1), (nimble swimmer 1),
(tentacles)
a: no special abilities


You were on level 5 of the Dungeon.
You were a tree.
You visited 1 branch of the dungeon, and saw 5 of its levels.

You collected 190 gold pieces.

Inventory:

Hand Weapons
 b - a +0 sling
Missiles
 c - 2 javelins
Jewellery
 h - a ring of protection from cold
Talismans
 e - a beast talisman
 k - a blade talisman
Scrolls
 g - 2 scrolls of vulnerability {unknown}
 j - 3 scrolls of identify {unknown}
 m - 2 scrolls of teleportation {unknown}
 p - a scroll of poison {unknown}
 r - 3 scrolls of enchant armour {unknown}
 s - a scroll of fear {unknown}
 v - a scroll of butterflies {unknown}
 w - a scroll of revelation {unknown}
Potions
 a - a potion of lignification
 f - a potion of curing {unknown}
 i - a potion of might {unknown}
 l - 3 potions of enlightenment {unknown}
 n - 3 potions of brilliance {unknown}
 o - 2 potions of heal wounds {unknown}
 q - a potion of resistance {unknown}
 t - a potion of attraction
 u - a potion of degeneration {unknown}
 x - a potion of mutation {unknown}


   Skills:
 + Level 3.1 Fighting
 - Level 2.0 Ranged Weapons
 + Level 3.1 Dodging
 * Level 4.2 Unarmed Combat
 + Level 3.7 Shapeshifting


You had one spell level left.
You knew the following spells:

 Your Spells              Type           Power      Damage    Failure   Level
a - Swiftness             Air            0%         N/A       71%         3
b - Apportation           Tloc           0%         N/A       34%         1

Your spell library contained the following spells:

 Spells                   Type           Power      Damage    Failure   Level
 Necrotise                Necr           0%         1d4       34%         1
 Shock                    Conj/Air       0%         1d3       34%         1
 Summon Small Mammal      Summ           0%         N/A       34%         1
 Tukima's Dance           Hex            0%         N/A       71%         3
 Airstrike                Air            0%         2d(0-16)  98%         4
 Passage of Golubria      Tloc           0%         N/A       98%         4
 Yara's Violent Unravell  Hex/Tmut       0%         3d3       100%        5


Dungeon Overview and Level Annotations

Branches:
Dungeon (5/15)
 Temple: D:4-7

Altars:
Okawaru
The Shining One

Annotations:
D:4 3 runed translucent doors, Starbright's ghost, amateur FoVM


Innate Abilities, Weirdness & Mutations

You are a tree.
Your roots penetrate the ground, keeping you stationary.
You cannot be teleported.
You are immune to unholy pain and torment.
Your maximum health is greatly increased.
You cannot wear most types of armour.
((You are amphibious.))
You can wear up to eight rings at the same time.
((Your skin changes colour to match your surroundings (Stealth+).))
((Your rubbery body absorbs attacks. (AC +1, EV +1)))
((You are camouflaged when in or above water. (Stealth+)))
((You have tentacles for arms and can constrict up to eight enemies at once.))


Message History

The scorpion is heavily wounded.
You are now empty-tentacled.
You tentacle-slap the scorpion. You grab the scorpion.
The scorpion is severely wounded.
You constrict the scorpion, but do no damage.
The scorpion stings you but does no damage.
You tentacle-slap the scorpion but do no damage.
The scorpion is severely wounded.
You constrict the scorpion. The scorpion stings you.
You are poisoned.
The scorpion poisons you! The scorpion stings you!
You are more poisoned.
The scorpion poisons you!
You barely miss the scorpion.
You squeeze the scorpion, but do no damage.
The scorpion is severely wounded.
You constrict the scorpion.
You feel very sick. The scorpion stings you.
You are more poisoned.
The scorpion poisons you!
You tentacle-slap the scorpion but do no damage.
You squeeze the scorpion.
You kill the scorpion!
You feel extremely sick.
Training target 2.0 for Ranged Weapons reached!
Your Ranged Weapons skill increases to level 2!
* * * LOW HITPOINT WARNING * * *
You feel extremely sick.
It was a potion of magic.
Magic courses through your body.
* * * LOW HITPOINT WARNING * * *
You feel very sick.
Really quaff the potion of lignification?
Your transformation has ended.
You turn into a tree.
Your roots penetrate the ground.
* * * LOW HITPOINT WARNING * * *
You feel very sick.
It was a potion of attraction.
You feel attractive to monsters.
You die...

.#!..... # ..#...# .. #
#. #$.#.. #..
...#.##...#....
#.......[.#.. .. #..#
..# ..# #..##..##..
###....#..#..
#..♣..#....#
########....#..##.. .
#....(.....#...##...
..##...#######.........
....... #.##.##..#
..... ####.##.##.##
#... #...........
...#...####........###
.........<.........#


There were no monsters in sight!

Vanquished Creatures
  A scorpion (D:5)
  2 jellies
  Jessica (D:3)
  Robin (D:3)
  3 gnolls
  4 adders
  A white imp (D:5)
  3 dart slugs
  6 orcs
  5 endoplasms
  3 giant cockroaches
  11 goblins
  6 hobgoblins
  8 kobolds
  4 quokkas
  11 ball pythons
  5 bats
  5 frilled lizards
  5 rats
85 creatures vanquished.

Notes
Turn   | Place    | Note
-------+----------+-------------------------------------------
     0 | D:1      | juan097 the Octopode Shapeshifter began the quest for the
                  | Orb.
     0 | D:1      | Reached XP level 1. HP: 14/14 MP: 1/1
   311 | D:1      | Reached XP level 2. HP: 19/19 MP: 2/2
   955 | D:2      | Reached XP level 3. HP: 20/25 MP: 3/3
  1129 | D:2      | Reached skill level 3 in Unarmed Combat
  1129 | D:2      | Reached XP level 4. HP: 23/30 MP: 4/4
  1647 | D:2      | Learned a level 3 spell: Swiftness
  1694 | D:3      | Reached skill level 1 in Ranged Weapons
  1734 | D:3      | Noticed Jessica
  1776 | D:3      | Killed Jessica
  1777 | D:3      | Reached XP level 5. HP: 35/35 MP: 5/5
  1810 | D:3      | Found an iron altar of Okawaru.
  2070 | D:3      | Noticed Robin
  2178 | D:3      | Killed Robin
  2591 | D:4      | Found a runed translucent gate.
  2740 | D:4      | Found a glowing golden altar of the Shining One.
  2871 | D:4      | Found a runed translucent gate.
  2879 | D:4      | Reached XP level 6. HP: 40/42 MP: 6/6
  2885 | D:4      | Found a runed translucent gate.
  2886 | D:4      | Noticed Starbright's ghost (amateur FoVM)
  3058 | D:3      | Reached skill level 4 in Unarmed Combat
  3155 | D:4      | Noticed a black bear
  3188 | D:5      | Entered Level 5 of the Dungeon
  3209 | D:5      | Learned a level 1 spell: Apportation
  3301 | D:5      | HP: 3/63 [poisoned by a scorpion]
  3302 | D:5      | Succumbed to a scorpion's poison

Illustrated notes

Levels and vault maps discovered:
D:1:      giann_wishing_wells, layout_loops_corners
D:2:      layout_basic, minmay_statues_item
D:3:      layout_basic, mainiacjoe_overflow_alcove_4,
          chequers_serial_rivers_micro_c, uniq_robin, uniq_jessica
D:4:      layout_loops_ring, tso_metal_star, gammafunk_ghost_nasty_kobolds
D:5:      layout_rooms, minmay_temple_entry_proselytizer, serial_shops,
          nicolae_shop_stone, minivault_26

Skill      XL: |  1  2  3  4  5  6 |
---------------+-------------------+-----
Unarmed Combat | 3 4 |  4.2
Ranged Weapons | 1 2 |  2.0
Fighting       | 3 |  3.1
Dodging        | 3 |  3.1
Shapeshifting  | |  3.7

Action                     |  1- 3 |  4- 6 || total
---------------------------+-------+-------++-------
  Melee: Unarmed           |    37 |    54 ||    91
         Tentacles         |     7 |    14 ||    21
         Constrict         |     7 |    15 ||    22
         Punch             |       |     2 ||     2
   Fire: Sling             |    22 |    69 ||    91
    Use: Potion            |       |     3 ||     3
   Stab: Sleeping          |     3 |     3 ||     6
 Armour: Skin              |     4 |     3 ||     7
  Dodge: Dodged            |    29 |    40 ||    69

Table legend: (Time is in decaauts)
 A = Elapsed time spent in this place.
 B = Non-inter-level travel time spent in this place.
 C = Inter-level travel time spent in this place.
 D = Time resting spent in this place.
 E = Time spent auto-exploring this place.
 F = Levels seen in this place.
 G = Mean time per level.
                   A        B        C        D        E       F      G
               +--------+--------+--------+--------+--------+-----+--------+
         Total |   3294 |   3202 |     92 |     36 |   2555 |   5 |  658.8 |
       Dungeon |   3294 |   3202 |     92 |     36 |   2555 |   5 |  658.8 |
               +--------+--------+--------+--------+--------+-----+--------+

Top non-repeatable levels by time:
     D:1: 945 daAuts
     D:3: 819 daAuts
     D:2: 715 daAuts
     D:4: 700 daAuts
     D:5: 112 daAuts
